 Dungeon Crawl Stone Soup version 0.30-a0-137-gd8773701ce (webtiles) character file.

Game seed: 637031110805809459

5 jlumianski the Chopper (level 1, 0/13 HPs)
             Began as a Gargoyle Gladiator on Sept 21, 2022.
             Slain by an endoplasm (1 damage)
             ... on level 1 of the Dungeon.
             The game lasted 00:01:44 (173 turns).

jlumianski the Chopper (Gargoyle Gladiator)          Turns: 173, Time: 00:01:45

Health: 0/13       AC:  6    Str: 17    XL:     1   Next: 80%
Magic:  1/1        EV: 12    Int:  8    God:
Gold:   0          SH:  0    Dex: 11    Spells: 0/0 levels left

rFire   . . .      SeeInvis .    a - +0 war axe
rCold   . . .      Faith    .    (no shield)
rNeg    + . .      Spirit   .    b - +0 leather armour
rPois   ∞          Reflect  .    c - +0 helmet
rElec   +          Harm     .    (no cloak)
rCorr   .          Rampage  .    (no gloves)
Will    .....                    (no boots)
Stlth   +.........               (no amulet)
HPRegen 0.04/turn                (no ring)
MPRegen 0.07/turn                (no ring)

@: no status effects
A: sickness immunity, AC +2, negative energy resistance 1, electricity
resistance, torment resistance 1, petrification resistance
a: no special abilities


You were on level 1 of the Dungeon.
You visited 1 branch of the dungeon, and saw 2 of its levels.

Inventory:

Hand Weapons
 a - a +0 war axe (weapon)
Missiles
 d - 3 throwing nets (quivered)
 e - a javelin
Armour
 b - a +0 leather armour (worn)
 c - a +0 helmet (worn)
Scrolls
 f - a scroll of magic mapping


   Skills:
 + Level 2.3 Fighting
 + Level 2.7 Axes
 + Level 1.9 Throwing
 + Level 2.4 Dodging


You couldn't memorise any spells.
You didn't know any spells.
Your spell library was empty.

Dungeon Overview and Level Annotations

Branches:
Dungeon (2/15)

Altars:

Annotations:
D:1 Robin


Innate Abilities, Weirdness & Mutations

You are immune to sickness and miasma.
Your stone body is resilient. (AC +2)
You are immune to poison.
You resist negative energy. (rN+)
You are resistant to electric shocks. (rElec)
You are resistant to unholy torment.
You are immune to petrification.


Message History

Robin throws the goblin at you! The hobgoblin attacks as you move away!
The hobgoblin hits you but does no damage.
The goblin hits you but does no damage.
Robin hits you from afar with a +0 trident.
* * * LOW HITPOINT WARNING * * *
The goblin barely misses you.
Robin roars a battlecry!
The goblins go into a battle-frenzy!
The hobgoblin attacks as you move away! The hobgoblin barely misses you.
An endoplasm comes into view.
You aren't carrying any potions.
As you read the scroll labelled RIRIRE COHA, it crumbles to dust.
You feel aware of your surroundings.
You sensed 1 altar, and 1 shop/portal.
It was a scroll of magic mapping.
The hobgoblin barely misses you.
As you read the scroll labelled NAFURHO NADUST, it crumbles to dust.
You assume a fearsome visage.
The goblin looks frightened!
The hobgoblin looks frightened!
It was a scroll of fear.
Robin flexes a bicep menacingly.
Robin says, "Kneel, worm!"
Okay, then.
You aren't carrying any potions.
Robin says, "A pitiful Gargoyle like you will never find the ORB!"
Found a quarterstaff.
Robin says, "A pitiful Gargoyle like you will never find the ORB!"
A kobold comes into view. It is wielding a +0 short sword.
Found 5 stones.
The kobold shouts!
The kobold moves out of view.
An endoplasm comes into view.
Found a scroll of fear.
The endoplasm quivers.
A jackal comes into view.
The endoplasm hits you.
* * * LOW HITPOINT WARNING * * *
Robin says, "My army is invincible!"
The endoplasm attacks as you move away! The endoplasm closely misses you.
The kobold attacks as you move away! The kobold misses you.
The endoplasm attacks as you move away! The endoplasm hits you.
You die...

########g...#.........,,,,,***,,*
~~~~~~~####.#.......#*****,* *,**
P.~~♣P~####.#..?....# *,* *,*
P♣~~.P~#(...........# *,* *,*
P♣~~♣.~####.#.......# *,* *,*
♣.~~P♣~# #.#.g.....# **,***,**
♣♣~~♣P~# #.#...Kh..#****,,,,,,,,
..~~.♣~# #.####J####*,,,,***,,,,
♣P~~.P~# #.# #@# **,,,,,,*,,,,,
~~~~♣.~###### #.#**,,,,,,,,,,,,,
...~P♣~#...# #.#*,,*,,,,,,,,,,*
##.~~~~#...#***#.#,,**,,,,,,,,,,*
§#.....'..<#,,,...,,,,,,,,,,,,,,,
##.~~~~#...#***##.,,,,,,~~~~~~,,,
...~♣.~#...# *.,,,,,~~****~~,,
~~~~..~##### *♣.,,,,~** **~,,
PP~~..~# *,* **,,,,~* *~,,


You could see Robin, an endoplasm, a jackal and a kobold.

Vanquished Creatures
  A goblin (D:1)
  2 hobgoblins (D:1)
  2 rats (D:1)
5 creatures vanquished.

Notes
Turn   | Place    | Note
-------+----------+-------------------------------------------
     0 | D:1      | jlumianski the Gargoyle Gladiator began the quest for the
                  | Orb.
     0 | D:1      | Reached XP level 1. HP: 12/12 MP: 1/1
    94 | D:2      | Noticed Robin
   173 | D:1      | Slain by an endoplasm

Illustrated notes

Levels and vault maps discovered:
D:1:      lightli_arrival_farm, layout_loops_ring,
          ebering_ecumenical_altar_petrified, serial_shops, shop,
          kennysheep_decorative_pillar
D:2:      layout_basic, basic_altar, uniq_robin

Action                   || total
-------------------------++-------
Melee: War axe           ||     8
  Use: Scroll            ||     2
Armor: Leather armour    ||     8
Dodge: Dodged            ||    20

Table legend: (Time is in decaauts)
 A = Elapsed time spent in this place.
 B = Non-inter-level travel time spent in this place.
 C = Inter-level travel time spent in this place.
 D = Time resting spent in this place.
 E = Time spent auto-exploring this place.
 F = Levels seen in this place.
 G = Mean time per level.
                   A        B        C        D        E       F      G
               +--------+--------+--------+--------+--------+-----+--------+
         Total |    183 |    183 |      0 |      0 |     64 |   2 |   91.5 |
       Dungeon |    183 |    183 |      0 |      0 |     64 |   2 |   91.5 |
               +--------+--------+--------+--------+--------+-----+--------+

Top non-repeatable levels by time:
     D:1: 181 daAuts
     D:2: 1 daAuts
